 Dungeon Crawl Stone Soup version 0.30-a0-135-g630cfc4551 (webtiles) character file.

Game seed: 11325692966363920784

9 NinjaNoafa the Chopper (level 2, 27/27 HPs)
             Began as a Minotaur Monk on Sept 20, 2022.
             Quit the game on level 1 of the Dungeon.
             The game lasted 00:00:57 (797 turns).

NinjaNoafa the Chopper (Minotaur Monk)               Turns: 797, Time: 00:00:58

Health: 27/27      AC:  3    Str: 15    XL:     2   Next: 6%
Magic:  1/1        EV: 12    Int:  7    God:
Gold:   86         SH:  0    Dex: 12    Spells: 1/1 levels left

rFire   . . .      SeeInvis .    j - +2 dagger (flame)
rCold   . . .      Faith    .    (no shield)
rNeg    . . .      Spirit   .    b - +0 robe
rPois   .          Reflect  .    (helmet restricted)
rElec   .          Harm     .    (no cloak)
rCorr   .          Rampage  .    h - +0 pair of gloves
Will    .....                    (no boots)
Stlth   ++........               (no amulet)
HPRegen 0.09/turn                (no ring)
MPRegen 0.07/turn                (no ring)

@: no status effects
A: horns 2, retaliatory headbutt
a: no special abilities


You were on level 1 of the Dungeon.
You visited 1 branch of the dungeon, and saw 1 of its levels.

You collected 86 gold pieces.

Inventory:

Hand Weapons
 j - a +2 dagger of flaming (weapon)
Missiles
 a - 6 stones (quivered)
Armour
 b - a +0 robe (worn)
 h - a +0 pair of gloves (worn)
Scrolls
 f - a scroll of vulnerability {unknown}
 g - 3 scrolls of teleportation {unknown}
 k - a scroll of identify {unknown}
Potions
 c - a potion of ambrosia
 d - a potion of curing {unknown}
 e - a potion of degeneration {unknown}
 i - a potion of heal wounds {unknown}


   Skills:
 + Level 3.9 Fighting
 + Level 0.0 Short Blades
 - Level 3.9 Axes
 - Level 1.0 Armour
 - Level 3.2 Dodging
 - Level 1.5 Stealth


You had one spell level left.
You didn't know any spells.
Your spell library was empty.

Dungeon Overview and Level Annotations

Branches:
Dungeon (1/15)

Altars:


Innate Abilities, Weirdness & Mutations

You have a pair of horns on your head.
You reflexively headbutt those who attack you in melee.


Message History

The goblin attacks as you move away! The goblin hits you with a +0 dagger.
You hit the goblin but do no damage. The goblin hits you with a +0 dagger.
You hit the goblin.
You kill the goblin!
Your Armour skill increases to level 1!
You see here a +0 dagger.
You see here a +0 dagger.
A goblin comes into view. It is wielding a +2 dagger of flaming.
Found 13 gold pieces.
The goblin shouts!
The goblin closely misses you.
You hit the goblin.
The goblin is moderately wounded.
The goblin closely misses you.
You barely miss the goblin.
The goblin is moderately wounded.
The goblin hits you with a +2 dagger of flaming.
The goblin burns you.
You barely miss the goblin. You headbutt the goblin.
You kill the goblin!
You have reached level 2!
You see here a +2 dagger of flaming.
You now have 86 gold pieces (gained 13).
A kobold comes into view. It is wielding a +0 short sword.
Found a scroll labelled KIYPRO NOFA.
The kobold hits you but does no damage.
You hit the kobold.
The kobold is severely wounded.
The kobold barely misses you.
You hit the kobold.
You kill the kobold!
You see here a +2 dagger of flaming.
j - a +2 dagger of flaming Your +2 dagger of flaming bursts into flame!
j - a +2 dagger of flaming (weapon)
You drop a +0 hand axe.
a - 6 stones You see here a +0 short sword.
k - a scroll labelled KIYPRO NOFA Are you sure you want to abandon this character and quit the game? (Confirm with "yes".)

#.## ## #. ...#
..#.# #..# #.#.#
#..# # #.#.# #..#
#.##...# #..#
.#.#....# #..#
........#######.@#
.# #.......).....#
.# ##...##########
.# #..## .####..#
.......# .)....##
#####.# # #.#


There were no monsters in sight!

Vanquished Creatures
  2 endoplasms (D:1)
  2 goblins (D:1)
  2 hobgoblins (D:1)
  A bat (D:1)
  A kobold (D:1)
  3 toadstools (D:1)
11 creatures vanquished.

Vanquished Creatures (others)
  A toadstool (D:1)
1 creature vanquished.

Grand Total: 12 creatures vanquished

Notes
Turn   | Place    | Note
-------+----------+-------------------------------------------
     0 | D:1      | NinjaNoafa the Minotaur Monk began the quest for the Orb.
     0 | D:1      | Reached XP level 1. HP: 19/19 MP: 0/0
   587 | D:1      | Reached skill level 1 in Armour
   701 | D:1      | Reached XP level 2. HP: 22/27 MP: 1/1
   797 | D:1      | Quit the game

Illustrated notes

Levels and vault maps discovered:
D:1:      ldierk_water_garden, layout_loops_ring, minmay_misc_feat_chi

Skill      XL: |  1 |
---------------+----+-----
Armour         | 1 |  1.0
Fighting       | |  3.9
Axes           | |  3.9
Dodging        | |  3.2
Stealth        | |  1.5

Action                   || total
-------------------------++-------
Melee: Hand axe          ||    21
       Headbutt          ||     4
Armor: Robe              ||     6
Dodge: Dodged            ||     7

Table legend: (Time is in decaauts)
 A = Elapsed time spent in this place.
 B = Non-inter-level travel time spent in this place.
 C = Inter-level travel time spent in this place.
 D = Time resting spent in this place.
 E = Time spent auto-exploring this place.
 F = Levels seen in this place.
 G = Mean time per level.
                   A        B        C        D        E       F      G
               +--------+--------+--------+--------+--------+-----+--------+
         Total |    798 |    798 |      0 |      0 |    692 |   1 |  798.0 |
       Dungeon |    798 |    798 |      0 |      0 |    692 |   1 |  798.0 |
               +--------+--------+--------+--------+--------+-----+--------+

Top non-repeatable levels by time:
     D:1: 798 daAuts
